 Dungeon Crawl Stone Soup version 0.21.1-1-g345015f (webtiles) character file.

119 inc the Scratcher (level 4, 21/21 HPs)
             Began as a Felid Monk on Mar 7, 2018.
             Was a Believer of Nemelex Xobeh.
             Quit the game on level 4 of the Dungeon.
             The game lasted 00:06:50 (3789 turns).

inc the Scratcher (Felid Monk)                      Turns: 3789, Time: 00:06:50

Health: 21/21      AC:  1    Str:  7    XL:     4   Next: 74%
Magic:  7/7        EV: 15    Int: 12    God:    Nemelex Xobeh [**....]
Gold:   203        SH:  0    Dex: 19    Spells: 3/3 levels left
                                        Lives:  0   Deaths: 1

rFire    . . .     SeeInvis +     - Unarmed
rCold    . . .     Gourm    .   (shield unavailable)
rNeg     . . .     Faith    .   (armour unavailable)
rPois    .         Spirit   .   (helmet unavailable)
rElec    .         Reflect  .   (cloak unavailable)
rCorr    .         Harm     .   (gloves unavailable)
MR       .....                  (boots unavailable)
Stlth    +++.......             (no amulet)
HPRegen  0.07/turn              l - -5 ring of evasion (curse)
MPRegen  0.10/turn              (no ring)

@: quick
A: very small, no armour, no weapons or thrown items, stealth, claws 1, fangs 3,
see invisible, carnivore, speed 1, shaggy fur 1, slow metabolism 1, sharp paws
a: Renounce Religion


You were on level 4 of the Dungeon.
You worshipped Nemelex Xobeh.
Nemelex Xobeh was pleased with you.
You were not hungry.

You visited 1 branch of the dungeon, and saw 4 of its levels.

You collected 203 gold pieces.

Inventory:

Jewellery
 l - a cursed -5 ring of evasion (left paw)
Potions
 b - a potion of might {unknown}
 d - 2 potions of curing
 h - a potion of heal wounds {unknown}
Miscellaneous
 i - a legendary deck of destruction
 j - a plain deck of escape
 k - a plain deck of summoning {drawn: 3}
Comestibles
 a - 5 rations


   Skills:
 - Level 3.0 Fighting
 - Level 4.0 Dodging
 - Level 2.6 Stealth
 - Level 5.6 Unarmed Combat
 + Level 3.0 Invocations


You had 3 spell levels left.
You didn't know any spells.

Dungeon Overview and Level Annotations

Branches:
Dungeon (4/15)
 Temple: D:4-7

Altars:
Fedhas
Nemelex Xobeh

Annotations:
D:2 Sigmund
D:3 grindst0ne's ghost, amateur FoHu


Innate Abilities, Weirdness & Mutations

You cannot wear armour.
You are incapable of wielding weapons or throwing items.
Your paws allow you to move quietly. (Stealth)
You have sharp claws.
You have razor-sharp teeth.
You have supernaturally acute eyesight. (SInv)
You are carnivorous and can eat meat at any time.
You cover ground quickly.
You are covered in fur. (AC +1)
You have a slow metabolism.
Your sharp claws are effective at attacking unaware monsters.


Message History

Your killer bee poisons the killer bee!
The killer bee closely misses you.
Your killer bee stings the killer bee.
The killer bee looks even sicker.
Your killer bee poisons the killer bee!
Your killer bee misses the killer bee.
The orc wizard casts a spell.
The orc wizard seems to speed up.
Your killer bee closely misses the killer bee.
You closely miss the killer bee.
The killer bee is moderately wounded.
You feel sick. The killer bee stings you!
You die...
Your killer bee completely misses the killer bee.
Your killer bee barely misses the killer bee. x2
The killer bee closely misses you.
Your killer bee stings the killer bee.
The killer bee looks as sick as possible!
Your killer bee poisons the killer bee!
Your killer bee barely misses the killer bee.
You are now level 4!
You rejoin the land of the living...
Unknown command.
Are you sure you want to abandon this character and quit the game? (Confirm with "yes".)

#######...# ######...##
# #...........#...# #
#...............##
#.............#..#######
#...#........###..##...#
#....... ##......##
#......# ##......#
#....# #....<..# #..@#
#........# ##.##
#........# ##
#.........# #..........#
#..........#
...........# ..........#


There were no monsters in sight!

Vanquished Creatures
  Jessica (D:2)
  A worker ant (D:4)
  A worker ant zombie (D:4)
  A gnoll (D:1)
  An adder (D:2)
  2 oozes (D:1)
  An adder skeleton (D:3)
  2 worms
  A dart slug (D:3)
  A leopard gecko (D:2)
  6 orcs
  9 bats
  3 giant cockroaches
  7 goblins
  6 hobgoblins
  10 jackals
  13 kobolds
  A quokka (D:2)
  3 ball pythons
  2 frilled lizards
  A leopard gecko skeleton (D:4)
  5 rats
78 creatures vanquished.

Vanquished Creatures (collateral kills)
  An orc wizard (D:4)
  Ijyb (D:3)
  Natasha (D:3)
  An adder (D:4)
4 creatures vanquished.

Grand Total: 82 creatures vanquished

Notes
Turn   | Place    | Note
-------+----------+-------------------------------------------
     0 | D:1      | inc the Felid Monk began the quest for the Orb.
     0 | D:1      | Reached XP level 1. HP: 10/10 MP: 2/2
   323 | D:1      | Reached XP level 2. HP: 14/14 MP: 3/3
   658 | D:2      | Reached skill level 4 in Unarmed Combat
   683 | D:2      | Reached XP level 3. HP: 12/17 MP: 4/4
   704 | D:2      | Noticed Sigmund
  1002 | D:3      | Noticed grindst0ne's ghost (amateur FoHu)
  1319 | D:1      | Reached XP level 4. HP: 10/21 MP: 5/5
  1475 | D:1      | Reached skill level 5 in Unarmed Combat
  1903 | D:2      | Noticed Jessica
  1908 | D:2      | Killed Jessica
  2397 | D:3      | Found a sparkling altar of Nemelex Xobeh.
  2426 | D:3      | Became a worshipper of Nemelex Xobeh the Trickster
  2426 | D:3      | Received a gift from Nemelex Xobeh
  2426 | D:3      | Reached * piety under Nemelex Xobeh
  2426 | D:3      | Received a gift from Nemelex Xobeh
  2426 | D:3      | Received a gift from Nemelex Xobeh
  2426 | D:3      | Reached ** piety under Nemelex Xobeh
  2501 | D:3      | Noticed Ijyb
  2671 | D:3      | Reached XP level 5. HP: 21/24 MP: 6/6
  2781 | D:3      | Noticed Natasha
  2782 | D:3      | Found a blossoming altar of Fedhas.
  2802 | D:3      | Killed Ijyb
  2802 | D:3      | Reached skill level 1 in Invocations
  2807 | D:3      | Killed Natasha
  3788 | D:4      | Slain by a killer bee
  3789 | D:4      | Reached XP level 4. HP: -1/21 MP: 7/7
  3789 | D:4      | Quit the game

Skill      XL: |  1  2  3  4  5 |
---------------+----------------+-----
Unarmed Combat | 4 5 |  5.6
Invocations    | 3 |  3.0
Fighting       | |  3.0
Dodging        | |  4.0
Stealth        | |  2.6

Action                   |  1- 3 |  4- 6 || total
-------------------------+-------+-------++-------
Melee: Unarmed           |    97 |   114 ||   211
       Bite              |     9 |    13 ||    22
       Punch             |     1 |     3 ||     4
Evoke: Deck              |       |     3 ||     3
  Use: Scroll            |     1 |     5 ||     6
       Potion            |     1 |     1 ||     2
 Stab: Sleeping          |     5 |     8 ||    13
       Distracted        |     2 |     2 ||     4
  Eat: Chunk             |     7 |     6 ||    13
Armor: Skin              |     5 |     1 ||     6
Dodge: Dodged            |    89 |    74 ||   163
